Cogmind - Beta 9.4 @@@ ROGUE MODE // 2020.03.21 @ 21:48:23 Player: eldritch Result: Self-destructed Performance ------------- Evolutions (3) 1500 Regions Visited (5) 1000 Robots Destroyed (61) 305 Value Destroyed (1570) 1570 Prototype IDs (9) 180 Alien Tech Used (0) 0 Bonus (485) 485 TOTAL SCORE: 5040 Bonus ------- Follower Combat Kills 502 Friendly Fire -17 Cogmind --------- Core Integrity 609/700 Matter 218/300 Energy 290/290 System Corruption 0% Temperature Cool (156) Movement Treading (180) Ox1 Location -7/Factory Parts ------- > --- POWER (1) -------- Improved Deuterium Engine > --- PROPULSION (4) --- Light Treads Light Treads Light Treads Light Treads > --- UTILITY (4) ------ High-capacity Storage Unit High-capacity Storage Unit Improved Targeting Computer Hardened Medium Armor Plating > --- WEAPON (4) ------- Improved Assault Rifle Improved Assault Rifle Flak Gun > --- INVENTORY (20) --- Heavy Ion Engine Faulty Cooled Deuterium Engine Micro Nuclear Core Micro Nuclear Core Light Angular Momentum Engine Wheel Improved Heat Sink Medium Storage Unit Medium Storage Unit Compact Matter Pod (61) Weight Redist. System Advanced Visual Processing Unit Advanced Signal Interpreter Improved ECM Suite Light Armor Plating Insulated Plating Gauss Rifle Improved Grenade Launcher Heavy Mace Peak State ------------ > --- POWER ------------ Improved Deuterium Engine > --- PROPULSION ------- Light Treads Light Treads Light Treads Light Treads > --- UTILITY ---------- High-capacity Storage Unit High-capacity Storage Unit Improved Targeting Computer Hardened Medium Armor Plating > --- WEAPON ----------- Improved Assault Rifle Improved Assault Rifle Improved Assault Rifle Flak Gun > --- INVENTORY -------- Heavy Ion Engine Cooled Deuterium Engine Micro Nuclear Core Light Angular Momentum Engine Wheel Improved Heat Sink Medium Storage Unit Medium Storage Unit Compact Matter Pod Weight Redist. System Advanced Signal Interpreter Advanced Signal Interpreter Improved ECM Suite Light Armor Plating Insulated Plating Gauss Rifle Improved Grenade Launcher Heavy Mace [Rating: 33] Favorites ----------- Power Heavy Ion Engine Engine Heavy Ion Engine Propulsion Light Treads Treads Light Treads Leg Aluminum Leg Wheel Wheel Utility Medium Storage Unit Storage Medium Storage Unit Processor Improved Targeting Computer Protection Hardened Light Armor Plating Weapon Improved Assault Rifle Energy Gun Medium Laser Ballistic Gun Improved Assault Rifle Ballistic Cannon Improved Light Cannon Launcher Grenade Launcher Build | -11 -10 -9 -9 -8 -7 ------- Run | Scr Mat Mat Sto Mat Fac Slots Evolved 6 | . . 2 . 2 2 Power . | . . . . . . Propulsion 2 | . . 1 . . 1 Utility 2 | . . 1 . . 1 Weapon 2 | . . . . 2 . Parts Attached 53 | . 7 11 18 7 10 Power 7 | . . 2 4 . 1 Engine 7 | . . 2 4 . 1 Core . | . . . . . . Reactor . | . . . . . . Propulsion 20 | . 2 4 8 3 3 Treads 14 | . 1 3 5 2 3 Leg . | . . . . . . Wheel 6 | . 1 1 3 1 . Hover . | . . . . . . Flight . | . . . . . . Utility 10 | . 3 1 1 2 3 Device . | . . . . . . Storage 6 | . 3 . . 1 2 Processor 1 | . . . . . 1 Hackware . | . . . . . . Protection 3 | . . 1 1 1 . Artifact . | . . . . . . Weapon 16 | . 2 4 5 2 3 Energy Gun 2 | . 1 . . . 1 Energy Cannon . | . . . . . . Ballistic Gun 11 | . . 3 4 2 2 Ballistic Cannon 1 | . . . 1 . . Launcher 2 | . 1 1 . . . Special Weapon . | . . . . . . Impact Weapon . | . . . . . . Slashing Weapon . | . . . . . . Piercing Weapon . | . . . . . . Special Melee Weapon . | . . . . . . Unidentified Prototypes 2 | . . 1 . . 1 Parts Lost 8 | . 1 . 4 . 3 Power . | . . . . . . Propulsion 3 | . . . 2 . 1 Utility 1 | . . . 1 . . Weapon 4 | . 1 . 1 . 2 Highest Loss Streak 3 | . 1 . 3 . 1 Average Slot Usage (%) 98 | . 94 96 99 100 98 Engine 10 | . 14 11 11 9 7 Treads 18 | . 13 11 16 18 27 Wheel 12 | . 13 22 16 9 2 Storage 19 | . 23 22 22 18 15 Processor 1 | . . . . . 5 Protection 8 | . . 8 11 9 7 Energy Gun 2 | . 27 1 . . . Ballistic Gun 23 | . . 20 21 36 29 Naked Turns . | . . . . . . Heaviest Build 95 | 10 23 34 36 44 95 Greatest Support 80 | 20 20 26 60 40 80 Greatest Overweight (x) 9 | . 2 1 3 4 9 Average Overweight (x) 1 | . 1 . 1 3 3 Largest Inventory Capacity 24 | . 12 12 12 12 24 Average Capacity 13 | . 9 12 12 12 18 Most Carried 19 | . 12 12 12 12 19 Average Carried 12 | . 7 11 11 11 14 Final Capacity 20 | 6 12 12 12 12 20 Final Carried 19 | 6 12 12 12 12 19 Class Distribution -------------------- 62% | Mutant 18% | Scavenger-Gunner 17% | Scavenger-Tank Dominant Class ---------------- Mutant | -10/Materials Mutant | -9/Materials Mutant | -9/Storage Scavenger-Tank | -8/Materials Scavenger-Gunner | -7/Factory Resources | -11 -10 -9 -9 -8 -7 ----------- Run | Scr Mat Mat Sto Mat Fac Matter Collected 1699 | 200 175 150 596 253 325 Remotely . | . . . . . . Salvage Created 2173 | . 125 126 998 337 587 Parts 145 | . 18 15 63 25 24 Haulers Intercepted 8 | . 1 . 4 2 1 Recyclers Shooed 4 | . 1 . 3 . . Parts Field Recycled . | . . . . . . Retrieved Matter . | . . . . . . Parts Self-Destructed . | . . . . . . Prevented . | . . . . . . Kills | -11 -10 -9 -9 -8 -7 ------- Run | Scr Mat Mat Sto Mat Fac Combat Hostiles Destroyed 41 | . 6 5 14 6 10 Guns 32 | . 3 2 14 6 7 AOE 9 | . 3 3 . . 3 Classes Destroyed 10 | . 2 3 1 2 2 Worker 6 | . . 1 4 . 1 Builder 3 | . . . . 1 2 Hauler 8 | . 1 . 4 2 1 Recycler 2 | . . . . . 2 Watcher 1 | . . . 1 . . Swarmer 16 | . 6 3 . 3 4 Grunt 10 | . . 1 7 . 2 Sentry 12 | . . 1 7 2 2 Hunter 2 | . . . . 1 1 Programmer 1 | . . . . . 1 Best Kill Streak 9 | . 4 4 3 7 9 Combat Bots Only 6 | . 3 3 2 6 5 Max Kills in Single Turn 7 | . 3 3 1 2 7 Gunslinging 1 | . . . . 1 . Exploded 3 | . 3 2 . . 3 Melee . | . . . . . . Uniques/NPCs Destroyed . | . . . . . . Combat | -11 -10 -9 -9 -8 -7 -------- Run | Scr Mat Mat Sto Mat Fac Damage Taken 2603 | . 144 146 958 321 1034 Core 246 | . 26 7 84 38 91 Absorbed by Shields . | . . . . . . Core Remaining (%) 89 | 100 89 . 77 93 . Volleys Fired 141 | . 13 11 81 14 22 Largest 4 | . 2 2 2 4 4 Hottest 124 | . 90 46 46 92 124 Shots Fired 319 | . 26 20 130 56 87 Gun 314 | . 25 18 128 56 87 Cannon 2 | . . . 2 . . Launcher 3 | . 1 2 . . . Special . | . . . . . . Kinetic 288 | . . 18 130 56 84 Thermal 26 | . 23 . . . 3 Explosive 3 | . 1 2 . . . Electromagnetic 2 | . 2 . . . . Robot Hit Streak 30 | . 4 10 30 9 13 Robot Miss Streak 5 | . 5 2 2 1 2 Penetration Max . | . . . . . . Secondary Targets 6 | . 1 . 2 2 1 Max Gunslinging Chain 1 | . 1 . 1 1 1 Shots Hit Robots 233 | . 12 16 100 38 67 Core Hits 98 | . 8 10 38 13 29 Critical Hits 2 | . . . 1 . 1 Critical Kills 1 | . . . . . 1 Critical Parts Destroyed 1 | . . . 1 . . Melee Attacks . | . . . . . . Impact . | . . . . . . Slashing . | . . . . . . Piercing . | . . . . . . Sneak Attacks . | . . . . . . Combat Hostiles . | . . . . . . Follow-up Attacks . | . . . . . . Damage Inflicted 4408 | . 221 342 1520 460 1865 Guns 3200 | . 134 205 1520 460 881 Cannons . | . . . . . . Explosions 1208 | . 87 137 . . 984 Melee . | . . . . . . Ramming . | . . . . . . Kinetic 3004 | . . 205 1520 460 819 Thermal 1167 | . 121 . . . 1046 Explosive 224 | . 87 137 . . . Electromagnetic 13 | . 13 . . . . Impact . | . . . . . . Slashing . | . . . . . . Piercing . | . . . . . . Highest Corruption 3 | . . . 3 . . Average Corruption 2 | . . . 2 . . Corruption Purged . | . . . . . . Effects 11 | . . . 11 . . Message Errors 5 | . . . 5 . . Matter Fused 1 | . . . 1 . . Heat Flow Errors 2 | . . . 2 . . Energy Discharges 2 | . . . 2 . . Targeting Errors 1 | . . . 1 . . Overload Shots . | . . . . . . Overflow Damage 338 | . . . . . 338 Projectiles . | . . . . . . Explosions 338 | . . . . . 338 Melee . | . . . . . . Knockbacks . | . . . . . . Impact . | . . . . . . Kinetic . | . . . . . . Secondary . | . . . . . . Self-Inflicted Damage 159 | . . . . . 159 Shots 2 | . . . . . 2 Rammed . | . . . . . . Targets Rammed . | . . . . . . Kicked . | . . . . . . Crushed . | . . . . . . Highest Temperature 279 | . 180 6 279 266 178 Average Temperature 69 | . 76 4 49 112 63 Received Heat Transfer 555 | . . 36 351 36 132 Siege Activations . | . . . . . . Robots Corrupted . | . . . . . . Combat Hostiles . | . . . . . . Parts Fried . | . . . . . . Impact Corruptions . | . . . . . . Robots Melted . | . . . . . . Combat Hostiles . | . . . . . . Parts Melted 1 | . 1 . . . . Heat Transferred 1033 | . 322 . . . 711 Parts Sabotaged . | . . . . . . Parts Stolen . | . . . . . . Parts Stripped . | . . . . . . Power Chain Reactions . | . . . . . . Missiles Intercepted . | . . . . . . Alert | -11 -10 -9 -9 -8 -7 ------- Run | Scr Mat Mat Sto Mat Fac Peak Influence 450 | . 152 206 410 221 450 Average Influence 121 | . 96 133 177 46 71 Maximum Alert Level 2 | . . 1 2 1 2 Low Security (%) 81 | . 100 75 63 97 99 Level 1 17 | . . 24 35 2 . Level 2 . | . . . 1 . . Level 3 . | . . . . . . Level 4 . | . . . . . . Level 5 . | . . . . . . High Security . | . . . . . . Max Security . | . . . . . . Squads Dispatched 17 | . 1 1 8 . 7 Investigation 6 | . . 1 3 . 2 Extermination 1 | . . . . . 1 Reinforcement 6 | . 1 . 3 . 2 Assault 3 | . . . 2 . 1 Garrison 1 | . . . . . 1 Intercept . | . . . . . . Construction Impeded . | . . . . . . Haulers Reinforced . | . . . . . . Stealth | -11 -10 -9 -9 -8 -7 --------- Run | Scr Mat Mat Sto Mat Fac Distress Signals 6 | . . . 2 4 . Communications Jammed . | . . . . . . Distress Signals . | . . . . . . Times Spotted 78 | . 9 6 40 12 11 Peak Tracking Total 7 | . 4 3 6 7 5 Tactical Retreats 3 | . . . 3 . . Traps | -11 -10 -9 -9 -8 -7 ------- Run | Scr Mat Mat Sto Mat Fac Traps Triggered 4 | . . 1 3 . . Indirectly . | . . . . . . Trap Hack Attempts . | . . . . . . Triggered . | . . . . . . Disarmed . | . . . . . . Reprogrammed . | . . . . . . Reused . | . . . . . . Traps Extracted . | . . . . . . Installed . | . . . . . . Triggered . | . . . . . . Machines | -11 -10 -9 -9 -8 -7 ---------- Run | Scr Mat Mat Sto Mat Fac Machines Disabled 8 | . . . 1 . 7 Max in Single Turn 7 | . . . 1 . 7 Garrison Access 1 | . . . . . 1 Machines Sabotaged . | . . . . . . Garrisons Compromised . | . . . . . . Overloaded Fab Kills . | . . . . . . Fab Network Shutdowns . | . . . . . . Hacking | -11 -10 -9 -9 -8 -7 --------- Run | Scr Mat Mat Sto Mat Fac Machines Accessed 23 | . 4 2 10 4 3 Terminals 19 | . 4 2 9 4 . Fabricators 1 | . . . . . 1 Repair Stations 2 | . . . 1 . 1 Recycling Units . | . . . . . . Scanalyzers . | . . . . . . Garrison Access 1 | . . . . . 1 Total Hacks 95 | . 15 8 39 23 10 Successful 51 | . 6 3 25 12 5 Failed 44 | . 9 5 14 11 5 Catastrophic 14 | . 2 2 4 5 1 Database Lockouts . | . . . . . . Manual 65 | . 9 6 31 19 . Terminals 82 | . 15 8 36 23 . Fabricators 5 | . . . . . 5 Repair Stations 6 | . . . 3 . 3 Recycling Units . | . . . . . . Scanalyzers . | . . . . . . Garrison Access 2 | . . . . . 2 Terminal Hacks 25 | . 3 1 14 7 . Part Schematic 1 | . . . . 1 . Prototype ID Bank 5 | . 3 1 1 . . Open Door 2 | . . . 2 . . Level Access Points 2 | . . . 1 1 . Terminal Index 1 | . . . 1 . . Alert Level 4 | . . . 3 1 . Unreport Threat 7 | . . . 4 3 . Hauler Manifests 2 | . . . 1 1 . Zone Layout 1 | . . . 1 . . Fabricator Hacks 4 | . . . . . 4 Network Status 1 | . . . . . 1 Load Schematic 1 | . . . . . 1 Build 2 | . . . . . 2 Repair Station Hacks 3 | . . . 2 . 1 Scan Component 2 | . . . 1 . 1 Repair 1 | . . . 1 . . Recycling Unit Hacks . | . . . . . . Scanalyzer . | . . . . . . Garrison Access Hacks . | . . . . . . Unauthorized Hacks 43 | . 8 6 19 10 . Terminals 19 | . 3 2 9 5 . Track 6 | . 2 1 2 1 . Botnet 11 | . 1 1 5 4 . Disrupt 1 | . . . 1 . . Operators 1 | . . . 1 . . Fabricators . | . . . . . . Repair Stations . | . . . . . . Recycling Units . | . . . . . . Scanalyzers . | . . . . . . Garrison Access . | . . . . . . Data Cores Recovered . | . . . . . . Used . | . . . . . . Hacking Detections 22 | . 4 2 9 4 3 Full Trace Events 9 | . 1 1 4 1 2 Feedback Events 1 | . . . 1 . . Corruption 1 | . . . 1 . . Feedback Blocked . | . . . . . . Robot Schematics Acquired . | . . . . . . Robots Built . | . . . . . . Matter . | . . . . . . Time . | . . . . . . Total Robot Build Rating . | . . . . . . Part Schematics Acquired 1 | . . . . 1 . Parts Built 2 | . . . . . 2 Matter 204 | . . . . . 204 Time 50 | . . . . . 50 Total Part Build Rating 2 | . . . . . 2 Parts Repaired 1 | . . . 1 . . Time 26 | . . . 26 . . Parts Recycled . | . . . . . . Recycled Matter . | . . . . . . Retrieved Matter . | . . . . . . Retrieved Components . | . . . . . . Parts Scanalyzed . | . . . . . . Part Schematics Acquired . | . . . . . . Parts Damaged . | . . . . . . Bothacking | -11 -10 -9 -9 -8 -7 ------------ Run | Scr Mat Mat Sto Mat Fac Used RIF Installer . | . . . . . . Robots Hacked . | . . . . . . Non-combat . | . . . . . . Combat . | . . . . . . Robot Hacks Applied . | . . . . . . Relay Couplers Released 3 | . . . . . 3 Machine Destruction 3 | . . . . . 3 Robots Rewired . | . . . . . . Allies Hacked . | . . . . . . Hacks Repelled . | . . . . . . Allies | -11 -10 -9 -9 -8 -7 -------- Run | Scr Mat Mat Sto Mat Fac Total Allies 2 | . . . 2 . . Largest Group 2 | . . . 2 . . Highest-Rated Group 62 | . . . 62 . . Highest-Rated Ally 31 | . . . 31 . . Total Orders . | . . . . . . Ally Attacks 76 | . . . 76 . . Total Damage 1147 | . . . 1147 . . Kills 23 | . . . 23 . . Allies Corrupted . | . . . . . . Allies Melted . | . . . . . . Intel | -11 -10 -9 -9 -8 -7 ------- Run | Scr Mat Mat Sto Mat Fac Robot Analysis Total . | . . . . . . Derelict Logs Recovered . | . . . . . . Drone Launches . | . . . . . . Drone Recoveries . | . . . . . . Exploration | -11 -10 -9 -9 -8 -7 ------------- Run | Scr Mat Mat Sto Mat Fac Turns Passed 2996 | . 288 336 1242 402 728 Spaces Moved 1657 | 1 248 185 623 248 352 Core . | . . . . . . Treads 653 | . . 66 311 66 210 Legs 16 | 1 15 . . . . Wheels 988 | . 233 119 312 182 142 Hover . | . . . . . . Flight . | . . . . . . Fastest Speed 80 | 120 80 90 90 120 120 Average Speed 136 | 120 93 126 138 136 166 Slowest Speed 200 | 120 120 180 180 200 180 Overloaded Moves . | . . . . . . Propulsion Burnouts . | . . . . . . Robots Hopped . | . . . . . . Cave-ins Triggered . | . . . . . . Exploration Rate (%) 27 | 2 35 18 76 21 12 Regions Visited 5 Branch Regions 1 Pre-discovered Areas 1 | . . . 1 . . Known Exits Taken 2 | . . . 1 1 . Unknown Exits Taken 3 | 1 1 1 . . . Scrap Searched . | . . . . . . Spaces Dug . | . . . . . . Terrain Destroyed 54 | . 8 12 . . 34 Melee . | . . . . . . Projectile . | . . . . . . AOE 54 | . 8 12 . . 34 Actions | -11 -10 -9 -9 -8 -7 --------- Run | Scr Mat Mat Sto Mat Fac Total 2140 | . 276 270 876 281 437 Wait 215 | . . 49 127 . 39 Move 1652 | . 247 184 622 247 352 Hop . | . . . . . . Pick Up 37 | . 7 5 11 5 9 Fast Attach 10 | . 1 3 3 . 3 Attach 13 | . 3 1 4 2 3 Detach 1 | . . . . . 1 Swap 30 | . 3 7 11 5 4 Drop 41 | . 2 10 17 8 4 Fire 141 | . 13 11 81 14 22 Melee . | . . . . . . Ram . | . . . . . . Kick . | . . . . . . Crush . | . . . . . . Escape Stasis . | . . . . . . Rewire . | . . . . . . Trap . | . . . . . . Miscellaneous . | . . . . . . Route ------- -11/Scrapyard -10/Materials -9/Materials -9/Storage -8/Materials (discovered 3 exits: *Fac x3) -7/Factory History --------- Turn | Location | Event 1 | -11/Scrapyard | Discovered new exit (range 0) 1 | -11/Scrapyard | Entered Materials 234 | -10/Materials | Discovered new exit (range 11) 289 | -10/Materials | Entered another Materials area 289 | -9/Materials | Evolved 2 slots: Propulsion x1, Utility x1 330 | -9/Materials | Build established: Mutant 515 | -9/Materials | Discovered new exit (range 14) 625 | -9/Materials | Entered Storage 784 | -9/Storage | Repaired Wheel 985 | -9/Storage | Met a pair of Derelict thieves 1440 | -9/Storage | Learned location of Armory (-3) 1515 | -9/Storage | Lost 3 parts (2n1u) 1734 | -9/Storage | Identified exit to Materials 1867 | -9/Storage | Entered Materials 1867 | -8/Materials | Evolved 2 slots: Weapon x2 2123 | -8/Materials | Identified exit to Factory 2211 | -8/Materials | Build established: Scavenger-Tank 2269 | -8/Materials | Entered Factory 2269 | -7/Factory | Evolved 2 slots: Propulsion x1, Utility x1 2379 | -7/Factory | Fabricated Hcp. Storage Unit (x1) 2435 | -7/Factory | Fabricated Hcp. Storage Unit (x1) 2723 | -7/Factory | Build established: Scavenger-Gunner 2997 | -7/Factory | Self-destructed Last Messages --------------- 02994_ S-27 Virus destroyed. 02994_ R-06 Scavenger destroyed. 02994_ Destroyed Lgt. Ion Engine. 02994_ Destroyed Tractor Beam. 02994_ Destroyed Wheel. 02994_ Power Conduit explodes. 02994_ Destroyed Lgt. Ion Engine. 02994_ Destroyed Med. Matter Pod. 02994_ Destroyed Wheel. 02994_ K-01 Serf destroyed. 02994_ Power Conduit explodes. 02994_ U-05 Engineer destroyed. 02994_ Power Conduit explodes. 02994_ Destroyed Welding Torch. 02994_ Destroyed Lgt. Ion Engine. 02994_ Destroyed Wheel. 02994_ Destroyed Structural Scanner. 02994_ Destroyed Terrain Scanner. 02994_ U-05 Engineer destroyed. 02994_ U-05 Engineer builds a Wall. Map ----- +----------------------------------------------------+ | ?????????????????????????????????????????????????? | | ?????????????????????????????????????????????????? | | ?????????????????????????????????????????????????? | | ?????????????????????????????????????????????????? | | ?????????????????????????????????????????????????? | | ?????????????????????????????????????????????????? | | ?????????????????????????????????????????????????? | | ?????????????????????????????????????????????????? | | ?????????????????????????????????????????????????? | | ?????????????????????????????????????????????????? | | ???????????????????????###???????????????????????? | | ????????????????????? ???????????????????????? | | ?????????????????? ???????????????????????? | | ????????????????# ???????????????????????? | | ????????????????? ???????????????????????? | | ?????????????????? ???????????????????????? | | ?????????????????? ???????????????????????? | | ??????????????????? #???#??????????????????? | | ???????????????????? #?? ???????????????????? | | ???????????????######;;;;;### ???????????????????? | | ???????????? ## ????????????????????? | | ??????????? ;#????????????????????? | | ??????????? ;#????????????????????? | | ?????????? w ;#????????????????????? | | ?????????? ;#????????????????????? | | ?????????? r % @ ;#?? ????????????????? | | ??????????# ;#? ????????????????? | | ??????????; % ## #??????????????? | | ??????????# + #??????????????? | | ??????????# # #??????????????? | | ??????????# #? ! #??????????????? | | ??????????# #???###??????????????? | | ??????????+ #????????????????????? | | ??????????# ####?????????????????? | | ??????????# # #?????????????????? | | ?????????????? #?????????????????? | | ?????????????? # #?????????????????? | | ????????????????# ^#?????????????????? | | ????????????????# ######## #?????????????????? | | ????????????????# #??????? #?????????????????? | | ????????????????# #????????#?????????????????? | | ????????????????# #??????????????????????????? | | ????????????????# #??????????????????????????? | | ????????????????# #??????????????????????????? | | ????????????????# #??????????????????????????? | | ????????????????# ######?????????????????????? | | ????????????????# +?????????????????????? | | ????????????????##### #?????????????????????? | | ????????????????????# ###???????????????????? | | ????????????????????# #????###??#???### | +----------------------------------------------------+ Best States ------------- Heat Dissipation 34 Energy Generation 16 Energy Capacity 290 Matter Stores 300 Matter Capacity 300 Sight Range 16 Terrain Scan Density 10 Armor Coverage 225 Evasion (%) 44 Targeting Accuracy 6 Recoil Reduction 4 Item Schematics ----------------- Hcp. Storage Unit | -8/Materials | Hacked Robot Schematics ------------------ None Fabricated ------------ Hcp. Storage Unit | x1 | -7/Factory Hcp. Storage Unit | x1 | -7/Factory Alien Tech Used ----------------- None Achievements -------------- None Challenges ------------ None Game ------ Seed GrenadeActuatorProtection Manual? 0 Play Time 00:27:52 Cumulative 228.0 hours Start 2020.03.21 @ 00:04:44 End 2020.03.21 @ 21:48:23 Sessions 3 Manual Loads 0 Difficulty Rogue Special Mode None Game No. 510 Rogue 510 Adventurer 0 Explorer 0 Win Type - Total 4 Types 3/0/0/1/0/0/0 Lore% 64 Gallery% 67 Achievement% 56 Wizard Run 0 Options --------- ASCII 0 Keyboard 0 Movement Arrows Keybinds 0 Fullscreen 1 Font 16/SmallcapsGlow Map View 75x55 Tactical HUD 1 Map Filters NONE Filters NONE Steam 1 RUN: dfd93b41-d3ab-4b7f-9dd2-bbc3e9cdf777